Blues vs Canucks
(R2)
Created - 11 mai 2016 at 22:01
Goals
|
| Blues |
1 |
4 |
0 |
1 |
6 |
| Canucks |
1 |
2 |
2 |
0 |
5 |
|
Shots
|
| Blues |
15 |
11 |
2 |
1 |
29 |
| Canucks |
8 |
13 |
7 |
1 |
29 |
|
1st period
1. Blues , Tyler Arnason 1 (Alex Pietrangelo, Bryce Lampman) at 5:53
2. Canucks , Clarke MacArthur 3 (Martin St. Louis) at 12:25
Penalties :
Maxim Lapierre (Van) for Boarding (Minor) at 6:26, Brendon Nash (Van) for Holding (Minor) at 8:56, Clarke MacArthur (Van) for Roughing (Minor) at 12:48, Bryce Lampman (STL) for Slashing (Minor) at 17:14
2nd period
3. Blues , David Perron 4 (Jake Gardiner, Joe Pavelski) at 1:42 (PP)
4. Blues , David Perron 5 (Joe Pavelski, Alex Pietrangelo) at 7:14 (PP)
5. Canucks , Maxim Afinogenov 3 (Ben Lovejoy, Nikolai Zherdev) at 7:53
6. Blues , Joe Pavelski 3 (Alex Pietrangelo, Drew Fata) at 13:22
7. Canucks , Brendon Nash 1 (Clarke MacArthur) at 14:37 (PP)
8. Blues , Taylor Pyatt 1 (Drew Fata) at 16:38
Penalties :
Nikolai Zherdev (Van) for Hooking (Minor) at 0:59, Paul Kariya (STL) for Delaying the game (Minor) at 2:49, Matt Stajan (Van) for Tripping (Minor) at 5:42, Nicklas Backstrom (STL) for Interference (Minor) at 14:28, Paul Kariya (STL) for Tripping (Minor) at 18:28, Ben Lovejoy (Van) for Hooking (Minor) at 19:18
3rd period
9. Canucks , Brendon Nash 2 (Alex Goligoski, Clarke MacArthur) at 11:32
10. Canucks , Clarke MacArthur 4 (Martin St. Louis, Sami Lepisto) at 11:42
Penalties :
Ryane Clowe (Van) for Tripping (Minor) at 2:21, Brendon Nash (Van) for Roughing (Minor) at 4:49, Nikolai Zherdev (Van) for Roughing (Minor) at 9:17, Martin St. Louis (Van) for Roughing (Minor) at 12:05, Alex Pietrangelo (STL) for High sticking (Minor) at 12:17
Overtime #1
11. Blues , David Perron 6 (Joe Pavelski, Travis Zajac) at 1:40
Penalties :
No Penalty
Goalie Stats
Tuukka Rask (STL), 24 saves from 29 shots - (0,828), W, 4-2-0, 61:40 minutes
Carey Price (Van), 4 saves from 5 shots - (0,800), OTL, 1-2-1, 25:02 minutes
Jussi Rynnas (Van), 19 saves from 24 shots - (0,792), 36:38 minutes
Players Stats for Blues
Player Name G A P +/- PIM S H SB GA TA FO MP PP MP PK MP
------------------------------------------------------------------------------------
Alex Pietrangelo 0 3 3 2 2 6 3 2 0 1 0/0 29:27 8:47 2:45
Bryce Lampman 0 1 1 2 2 1 0 0 0 2 0/0 19:30 0:20 1:28
Darren Reid 0 0 0 -2 0 0 5 0 0 0 0/1 16:57 6:44 0:00
David Perron 3 0 3 2 0 6 3 2 0 0 3/5 23:51 8:14 0:02
Drew Fata 0 2 2 1 0 2 2 1 0 1 0/0 15:30 0:00 2:18
Guillaume Latendresse 0 0 0 -2 0 0 0 0 1 2 0/0 12:32 0:13 0:51
Jake Gardiner 0 1 1 -3 0 1 1 1 1 0 0/0 16:25 6:23 1:05
Joe Pavelski 1 3 4 2 0 3 2 0 1 0 1/2 22:06 8:14 0:00
Lasse Kukkonen 0 0 0 -2 0 1 1 0 0 2 0/0 18:47 6:23 2:08
Lee Stempniak 0 0 0 1 0 0 1 0 0 0 0/0 6:44 0:13 0:00
Nicklas Backstrom 0 0 0 -2 2 2 2 1 1 0 2/6 18:37 6:54 0:45
Nik Antropov 0 0 0 -1 0 2 0 0 1 0 4/12 11:51 0:03 2:53
Paul Kariya 0 0 0 -1 4 2 0 0 0 0 0/1 14:21 6:44 0:00
Ryan Whitney 0 0 0 0 0 1 1 2 0 0 0/0 23:51 8:28 0:34
Sergei Shirokov 0 0 0 -1 0 0 1 0 0 0 0/0 10:06 0:00 1:29
Taylor Pyatt 1 0 1 1 0 1 3 0 0 0 0/0 8:43 0:00 2:53
Travis Zajac 0 1 1 2 0 0 5 2 0 0 17/37 23:50 8:14 0:02
Tyler Arnason 1 0 1 1 0 1 2 0 0 0 0/0 7:02 0:00 1:23
Players Stats for Canucks
Player Name G A P +/- PIM S H SB GA TA FO MP PP MP PK MP
------------------------------------------------------------------------------------
Alex Goligoski 0 1 1 0 0 1 2 1 1 0 0/0 30:33 2:38 8:54
Alex Tanguay 0 0 0 0 0 0 0 0 1 0 0/1 11:41 2:02 2:26
Ben Lovejoy 0 1 1 0 2 1 2 1 0 1 0/0 21:30 2:30 5:30
Brendon Nash 2 0 2 1 4 2 1 1 1 0 0/0 13:00 2:35 0:50
Clarke MacArthur 2 2 4 0 2 8 0 0 2 0 2/4 21:02 3:07 4:23
Doug Janik 0 0 0 -1 0 0 2 1 0 1 0/0 27:00 0:03 8:53
Martin St. Louis 0 2 2 0 2 5 2 0 2 0 11/17 22:36 0:03 7:38
Matt Stajan 0 0 0 0 2 3 1 1 0 0 3/3 17:44 0:00 7:00
Maxim Afinogenov 1 0 1 0 0 2 4 1 0 0 0/1 18:17 2:02 5:12
Maxim Lapierre 0 0 0 0 2 0 0 0 0 0 1/3 10:31 0:00 3:13
Milan Michalek 0 0 0 0 0 2 0 1 0 0 0/0 10:48 0:00 0:00
Nikolai Zherdev 0 1 1 1 4 4 2 1 0 0 11/14 18:05 3:04 0:00
Patrick Eaves 0 0 0 0 0 0 2 0 0 1 0/0 9:21 2:02 0:00
Ryan Craig 0 0 0 0 0 0 0 0 0 0 0/0 0:46 0:03 0:30
Ryan Parent 0 0 0 0 0 0 0 1 0 0 0/0 9:03 0:00 0:09
Ryane Clowe 0 0 0 -1 2 0 1 0 0 0 0/0 9:32 0:00 0:00
Sami Lepisto 0 1 1 0 0 1 0 0 1 2 0/0 22:16 2:31 6:06
Vince Rocco 0 0 0 0 0 0 2 0 0 0 9/21 16:18 3:04 0:00
3 Stars
1 - David Perron (STL)
2 - Joe Pavelski (STL)
3 - Clarke MacArthur (Van)
Power Play
Blues - 2 on 10 Attempt(s) - 20,00%
Canucks - 1 on 5 Attempt(s) - 20,00%
Penalty Kill
Blues - 4 on 5 Attempt(s) - 80,00%
- Score 0 goal in Penalty Kill
Canucks - 8 on 10 Attempt(s) - 80,00%
- Score 0 goal in Penalty Kill
Team Stat
Blues - Hits : 32 - Faceoff Wins : 27 - Blocked Shots : 11 - Penalty Minutes : 10
Canucks - Hits : 21 - Faceoff Wins : 37 - Blocked Shots : 9 - Penalty Minutes : 20
Official
Referees : StLaurent Francois and Peel Tim
Linesman : Brad Kovachik and Pierre Champoux
Game Notes
Carey Price enters game at 16:38 of 2nd period
Ryan Whitney is injured at 0:37 of 1st overtime period (Right Leg)
David Perron has scored a Hat Trick!
Finance
Level 1 -- Attendance: 6000 (100,00%) -- Ticket Income 516 000 $
Level 2 -- Attendance: 5000 (100,00%) -- Ticket Income 245 000 $
Level 3 -- Attendance: 2000 (100,00%) -- Ticket Income 60 000 $
Level 4 -- Attendance: 4000 (100,00%) -- Ticket Income 68 000 $
Luxury Box -- Attendance: 1000 (100,00%) -- Ticket Income 100 000 $
Game was played at the Budweiser Coliseum.
Total Attendance: 18000 (100,00%)
Total Ticket Income: 989 000 $
Other Income: 148 350 $
Total Income: 1 137 350 $
Blues
5 vs 5 Forward
Center Left Wing Right Wing Time % Phy DF OF
1 Travis Zajac David Perron Joe Pavelski 40 1 2 2
2 Nicklas Backstrom Guillaume Latendresse Darren Reid 30 1 2 2
3 Nik Antropov Paul Kariya Sergei Shirokov 20 1 2 2
4 Tyler Arnason Taylor Pyatt Lee Stempniak 10 1 2 2
5 vs 5 Defense
Defense Defense Time % Phy DF OF
1 Bryce Lampman Alex Pietrangelo 40 1 2 2
2 Drew Fata Ryan Whitney 30 1 2 2
3 Lasse Kukkonen Jake Gardiner 20 1 2 2
4 Alex Pietrangelo Lasse Kukkonen 10 1 2 2
PowerPlay Forward
Center Left Wing Right Wing Time % Phy DF OF
1 Travis Zajac David Perron Joe Pavelski 60 1 2 2
2 Nicklas Backstrom Paul Kariya Darren Reid 40 1 2 2
PowerPlay Defense
Defense Defense Time % Phy DF OF
1 Ryan Whitney Alex Pietrangelo 60 1 2 2
2 Lasse Kukkonen Jake Gardiner 40 1 2 2
Penalty Kill 4 Players Forward
Center Wing Time % Phy DF OF
1 Nik Antropov Taylor Pyatt 60 1 2 2
2 Tyler Arnason Sergei Shirokov 40 1 2 2
Penalty Kill 4 Players Defense
Defense Defense Time % Phy DF OF
1 Bryce Lampman Alex Pietrangelo 60 1 2 2
2 Lasse Kukkonen Drew Fata 40 1 2 2
Penalty Kill - 3 Players Forward
Forward Time % Phy DF OF
1 Taylor Pyatt 60 1 2 2
2 Nik Antropov 40 1 2 2
Penalty Kill - 3 Players Defense
Defense Defense Time % Phy DF OF
1 Bryce Lampman Alex Pietrangelo 60 1 2 2
2 Lasse Kukkonen Drew Fata 40 1 2 2
4 vs 4 Forward
Center Wing Time % Phy DF OF
1 Travis Zajac David Perron 60 1 2 2
2 Nicklas Backstrom Joe Pavelski 40 1 2 2
4 vs 4 Defense
Defense Defense Time % Phy DF OF
1 Bryce Lampman Alex Pietrangelo 60 1 2 2
2 Lasse Kukkonen Drew Fata 40 1 2 2
Last Minutes Offensive
Center Left Wing Right Wing Defense Defense
Travis Zajac David Perron Joe Pavelski Bryce Lampman Alex Pietrangelo
Last Minutes Defensive
Center Left Wing Right Wing Defense Defense
Nik Antropov Guillaume Latendresse Joe Pavelski Bryce Lampman Alex Pietrangelo
Goaltenders
Starting : Tuukka Rask
Backup : Adam Munro
Extra Forwards
Normal : Nicklas Backstrom, David Perron, Sergei Shirokov - PP : Nicklas Backstrom, David Perron - PK : Sergei Shirokov
Extra Defensemen
Normal : Lasse Kukkonen, Jake Gardiner, Ryan Whitney - PP : Ryan Whitney - PK : Jake Gardiner, Ryan Whitney
Penalty Shots
Travis Zajac, Nik Antropov, Paul Kariya, Joe Pavelski, Nicklas Backstrom
Canucks
5 vs 5 Forward
Center Left Wing Right Wing Time % Phy DF OF
1 Vince Rocco Clarke MacArthur Martin St. Louis 40 1 2 2
2 Nikolai Zherdev Milan Michalek Maxim Afinogenov 30 1 2 2
3 Maxim Lapierre Alex Tanguay Nikolai Zherdev 20 1 2 2
4 Matt Stajan Ryane Clowe Patrick Eaves 10 1 2 2
5 vs 5 Defense
Defense Defense Time % Phy DF OF
1 Alex Goligoski Doug Janik 40 1 2 2
2 Ben Lovejoy Sami Lepisto 30 1 2 2
3 Ryan Parent Brendon Nash 20 1 2 2
4 Doug Janik Alex Goligoski 10 1 2 2
PowerPlay Forward
Center Left Wing Right Wing Time % Phy DF OF
1 Nikolai Zherdev Vince Rocco Clarke MacArthur 60 1 2 2
2 Alex Tanguay Patrick Eaves Maxim Afinogenov 40 1 2 2
PowerPlay Defense
Defense Defense Time % Phy DF OF
1 Alex Goligoski Brendon Nash 60 1 2 2
2 Ben Lovejoy Sami Lepisto 40 1 2 2
Penalty Kill 4 Players Forward
Center Wing Time % Phy DF OF
1 Martin St. Louis Matt Stajan 60 1 2 2
2 Clarke MacArthur Maxim Afinogenov 40 1 2 2
Penalty Kill 4 Players Defense
Defense Defense Time % Phy DF OF
1 Alex Goligoski Doug Janik 60 1 2 2
2 Ben Lovejoy Sami Lepisto 40 1 2 2
Penalty Kill - 3 Players Forward
Forward Time % Phy DF OF
1 Martin St. Louis 60 1 2 2
2 Matt Stajan 40 1 2 2
Penalty Kill - 3 Players Defense
Defense Defense Time % Phy DF OF
1 Alex Goligoski Doug Janik 60 1 2 2
2 Ben Lovejoy Sami Lepisto 40 1 2 2
4 vs 4 Forward
Center Wing Time % Phy DF OF
1 Martin St. Louis Matt Stajan 60 1 2 2
2 Patrick Eaves Maxim Afinogenov 40 1 2 2
4 vs 4 Defense
Defense Defense Time % Phy DF OF
1 Alex Goligoski Doug Janik 60 1 2 2
2 Ben Lovejoy Sami Lepisto 40 1 2 2
Last Minutes Offensive
Center Left Wing Right Wing Defense Defense
Matt Stajan Clarke MacArthur Martin St. Louis Alex Goligoski Brendon Nash
Last Minutes Defensive
Center Left Wing Right Wing Defense Defense
Matt Stajan Clarke MacArthur Martin St. Louis Alex Goligoski Brendon Nash
Goaltenders
Starting : Jussi Rynnas
Backup : Carey Price
Extra Forwards
Normal : Alex Tanguay, Ryane Clowe, Maxim Lapierre - PP : Alex Tanguay, Ryane Clowe - PK : Maxim Lapierre
Extra Defensemen
Normal : Ryan Parent, Brendon Nash, Doug Janik - PP : Ryan Parent - PK : Brendon Nash, Doug Janik
Penalty Shots
Martin St. Louis, Matt Stajan, Ryan Parent, Maxim Afinogenov, Clarke MacArthur
% Time on Ice - Blues
Lines # - Real PCT - Wanted PCT - Time Play
Normal Forward
1 - 39% - 40% - 14:53
2 - 26% - 30% - 9:59
3 - 21% - 20% - 7:53
4 - 15% - 10% - 5:39
Normal Defense
1 - 43% - 40% - 16:32
2 - 34% - 30% - 13:12
3 - 20% - 20% - 7:45
4 - 2% - 10% - 0:55
PP Forward
1 - 55% - 60% - 8:17
2 - 45% - 40% - 6:54
PP Defense
1 - 58% - 60% - 8:48
2 - 42% - 40% - 6:23
PK Forward
1 - 73% - 60% - 3:46
2 - 27% - 40% - 1:23
PK Defense
1 - 59% - 60% - 3:01
2 - 41% - 40% - 2:08
PK3 Forward
1 - 0% - 60%
2 - 0% - 40%
PK3 Defense
1 - 0% - 60%
2 - 0% - 40%
44 Forward
1 - 85% - 60% - 2:30
2 - 15% - 40% - 0:26
44 Defense
1 - 100% - 60% - 2:56
2 - 0% - 40% - 0:00
Last Minute Offensive - 0:00
Last Minute Defensive - 0:00
Total
Forward - 61:40
Defense - 61:40
|
% Time on Ice - Canucks
Lines # - Real PCT - Wanted PCT - Time Play
Normal Forward
1 - 35% - 40% - 13:25
2 - 30% - 30% - 11:39
3 - 13% - 20% - 4:58
4 - 22% - 10% - 8:22
Normal Defense
1 - 42% - 40% - 16:08
2 - 34% - 30% - 13:08
3 - 23% - 20% - 8:40
4 - 1% - 10% - 0:28
PP Forward
1 - 61% - 60% - 3:07
2 - 39% - 40% - 2:02
PP Defense
1 - 51% - 60% - 2:38
2 - 49% - 40% - 2:31
PK Forward
1 - 65% - 60% - 9:50
2 - 35% - 40% - 5:21
PK Defense
1 - 60% - 60% - 9:05
2 - 40% - 40% - 6:06
PK3 Forward
1 - 0% - 60%
2 - 0% - 40%
PK3 Defense
1 - 0% - 60%
2 - 0% - 40%
44 Forward
1 - 100% - 60% - 2:56
2 - 0% - 40% - 0:00
44 Defense
1 - 82% - 60% - 2:25
2 - 18% - 40% - 0:31
Last Minute Offensive - 0:00
Last Minute Defensive - 0:00
Total
Forward - 61:40
Defense - 61:40
|
Play by Play
1st period
0:01 of 1st period - Travis Zajac wins face-off versus Vince Rocco in neutral zone.
0:22 of 1st period - Martin St. Louis is hit by David Perron and loses puck.
1:21 of 1st period - Slapshot by Alex Pietrangelo.
1:21 of 1st period - Shot Misses the Net.
1:33 of 1st period - Snap shot by Martin St. Louis.
1:33 of 1st period - Shot Misses the Net.
1:35 of 1st period - Slapshot by Alex Goligoski.
1:35 of 1st period - Shot Misses the Net.
1:37 of 1st period - Snap shot by Martin St. Louis.
1:37 of 1st period - Stopped by Tuukka Rask without a rebound.
1:38 of 1st period - Nicklas Backstrom wins face-off versus Maxim Afinogenov in Blues zone.
2:00 of 1st period - Icing by Sami Lepisto.
2:01 of 1st period - Nik Antropov wins face-off versus Nikolai Zherdev in Canucks zone.
2:26 of 1st period - Backhand shot by Maxim Afinogenov.
2:26 of 1st period - Stopped by Tuukka Rask without a rebound.
2:27 of 1st period - Matt Stajan wins face-off versus Nicklas Backstrom in Blues zone.
2:58 of 1st period - Wrist shot by Tyler Arnason.
2:58 of 1st period - Shot Misses the Net.
3:00 of 1st period - Slapshot by Ryan Whitney.
3:00 of 1st period - Deflect By Ryan Parent.
3:00 of 1st period - Stopped by Jussi Rynnas with a rebound.
3:02 of 1st period - Slapshot by Drew Fata.
3:02 of 1st period - Stopped by Jussi Rynnas without a rebound.
3:03 of 1st period - Matt Stajan wins face-off versus Nik Antropov in Canucks zone.
3:29 of 1st period - Doug Janik is hit by Lasse Kukkonen and loses puck.
3:50 of 1st period - Wrist shot by Martin St. Louis.
3:50 of 1st period - Stopped by Tuukka Rask with a rebound.
4:32 of 1st period - Wrist shot by Nicklas Backstrom.
4:32 of 1st period - Stopped by Jussi Rynnas with a rebound.
5:00 of 1st period - Slapshot by Nicklas Backstrom.
5:00 of 1st period - Shot Blocked by Milan Michalek.
5:02 of 1st period - Slapshot by Lasse Kukkonen.
5:02 of 1st period - Stopped by Jussi Rynnas without a rebound.
5:03 of 1st period - Travis Zajac wins face-off versus Vince Rocco in Canucks zone.
5:04 of 1st period - Wrist shot by David Perron.
5:04 of 1st period - Stopped by Jussi Rynnas with a rebound.
5:08 of 1st period - Wrist shot by Joe Pavelski.
5:08 of 1st period - Stopped by Jussi Rynnas with a rebound.
5:16 of 1st period - Wrist shot by Travis Zajac.
5:16 of 1st period - Shot Blocked by Brendon Nash.
5:28 of 1st period - Sergei Shirokov is hit by Brendon Nash and loses puck.
5:51 of 1st period - Slapshot by Alex Pietrangelo.
5:51 of 1st period - Stopped by Jussi Rynnas with a rebound.
5:53 of 1st period - Slapshot by Tyler Arnason.
5:53 of 1st period - Goal by Tyler Arnason - Blues : 1 - Canucks : 0.
5:54 of 1st period - Vince Rocco wins face-off versus Travis Zajac in neutral zone.
5:54 of 1st period - Vince Rocco is hit by Alex Pietrangelo.
6:02 of 1st period - Slapshot by Alex Pietrangelo.
6:02 of 1st period - Deflect By Alex Goligoski.
6:02 of 1st period - Stopped by Jussi Rynnas with a rebound.
6:04 of 1st period - Slapshot by Alex Pietrangelo.
6:04 of 1st period - Deflect By Alex Goligoski.
6:04 of 1st period - Stopped by Jussi Rynnas without a rebound.
6:05 of 1st period - Travis Zajac wins face-off versus Maxim Lapierre in Canucks zone.
6:26 of 1st period - Minor Penalty to Maxim Lapierre for Boarding.
6:27 of 1st period - Martin St. Louis wins face-off versus Travis Zajac in Canucks zone.
7:28 of 1st period - Snap shot by Alex Tanguay.
7:28 of 1st period - Shot Misses the Net.
7:44 of 1st period - Matt Stajan is hit by Darren Reid and loses puck.
8:26 of 1st period - Penalty to Maxim Lapierre is over, Maxim Lapierre is back on ice.
8:56 of 1st period - Minor Penalty to Brendon Nash for Holding.
8:57 of 1st period - Martin St. Louis wins face-off versus Paul Kariya in Canucks zone.
9:10 of 1st period - Snap shot by Nicklas Backstrom.
9:10 of 1st period - Stopped by Jussi Rynnas with a rebound.
9:12 of 1st period - Snap shot by Jake Gardiner.
9:12 of 1st period - Deflect By Paul Kariya.
9:12 of 1st period - Stopped by Jussi Rynnas with a rebound.
10:02 of 1st period - Paul Kariya is hit by Maxim Afinogenov and loses puck.
10:21 of 1st period - Joe Pavelski is hit by Doug Janik and loses puck.
10:56 of 1st period - Penalty to Brendon Nash is over, Brendon Nash is back on ice.
11:33 of 1st period - Nik Antropov is hit by Alex Goligoski and loses puck.
11:50 of 1st period - Snap shot by Nik Antropov.
11:50 of 1st period - Deflect By Ben Lovejoy.
11:50 of 1st period - Stopped by Jussi Rynnas with a rebound.
12:04 of 1st period - Slapshot by Alex Pietrangelo.
12:04 of 1st period - Stopped by Jussi Rynnas without a rebound.
12:05 of 1st period - Nikolai Zherdev wins face-off versus Travis Zajac in Canucks zone.
12:05 of 1st period - Nikolai Zherdev is hit by Joe Pavelski.
12:23 of 1st period - Wrist shot by Clarke MacArthur.
12:23 of 1st period - Shot Hit the Post.
12:25 of 1st period - Wrist shot by Clarke MacArthur.
12:25 of 1st period - Goal by Clarke MacArthur - Blues : 1 - Canucks : 1.
12:26 of 1st period - Vince Rocco wins face-off versus Travis Zajac in neutral zone.
12:31 of 1st period - Wrist shot by Martin St. Louis.
12:31 of 1st period - Shot Misses the Net.
12:41 of 1st period - Alex Goligoski is hit by Travis Zajac and loses puck.
12:48 of 1st period - Minor Penalty to Clarke MacArthur for Roughing.
12:49 of 1st period - Travis Zajac wins face-off versus Martin St. Louis in Canucks zone.
13:57 of 1st period - Matt Stajan is hit by Travis Zajac and loses puck.
14:48 of 1st period - Penalty to Clarke MacArthur is over, Clarke MacArthur is back on ice.
15:00 of 1st period - Snap shot by Taylor Pyatt.
15:00 of 1st period - Shot Misses the Net.
15:20 of 1st period - Wrist shot by Nik Antropov.
15:20 of 1st period - Shot Blocked by Matt Stajan.
15:22 of 1st period - Snap shot by Nik Antropov.
15:22 of 1st period - Shot Blocked by Ryan Parent.
15:24 of 1st period - Snap shot by Jake Gardiner.
15:24 of 1st period - Stopped by Jussi Rynnas with a rebound.
15:36 of 1st period - Drew Fata is hit by Ben Lovejoy and loses puck.
15:49 of 1st period - Martin St. Louis is hit by Travis Zajac.
15:55 of 1st period - Icing by Alex Pietrangelo.
15:56 of 1st period - Travis Zajac wins face-off versus Maxim Lapierre in Blues zone.
16:09 of 1st period - Wrist shot by Martin St. Louis.
16:09 of 1st period - Stopped by Tuukka Rask with a rebound.
16:50 of 1st period - Snap shot by Matt Stajan.
16:50 of 1st period - Shot Blocked by David Perron.
16:52 of 1st period - Wrist shot by Matt Stajan.
16:52 of 1st period - Stopped by Tuukka Rask without a rebound.
16:53 of 1st period - Martin St. Louis wins face-off versus Darren Reid in Blues zone.
16:56 of 1st period - Snap shot by Martin St. Louis.
16:56 of 1st period - Shot Blocked by Alex Pietrangelo.
17:04 of 1st period - Wrist shot by Martin St. Louis.
17:04 of 1st period - Shot Blocked by Nicklas Backstrom.
17:06 of 1st period - Slapshot by Martin St. Louis.
17:06 of 1st period - Deflect By Clarke MacArthur.
17:06 of 1st period - Deflect By Alex Pietrangelo.
17:06 of 1st period - Stopped by Tuukka Rask with a rebound.
17:14 of 1st period - Minor Penalty to Bryce Lampman for Slashing.
17:15 of 1st period - Nik Antropov wins face-off versus Nikolai Zherdev in Blues zone.
17:57 of 1st period - Alex Tanguay is hit by Sergei Shirokov and loses puck.
18:24 of 1st period - Wrist shot by Nikolai Zherdev.
18:24 of 1st period - Shot Misses the Net.
19:14 of 1st period - Penalty to Bryce Lampman is over, Bryce Lampman is back on ice.
19:29 of 1st period - Snap shot by Ryane Clowe.
19:29 of 1st period - Deflect By Matt Stajan.
19:29 of 1st period - Stopped by Tuukka Rask with a rebound.
19:35 of 1st period - Darren Reid is hit by Matt Stajan and loses puck.
19:58 of 1st period - Alex Goligoski is hit by Drew Fata and loses puck.
Goals for this period are 1 for Blues vs 1 for Canucks.
Shots for this period are 15 for Blues vs 8 for Canucks.
2nd period
0:01 of 2nd period - Travis Zajac wins face-off versus Vince Rocco in neutral zone.
0:12 of 2nd period - Joe Pavelski is hit by Vince Rocco and loses puck.
0:25 of 2nd period - Alex Goligoski is hit by Darren Reid and loses puck.
0:59 of 2nd period - Minor Penalty to Nikolai Zherdev for Hooking.
1:00 of 2nd period - Martin St. Louis wins face-off versus Travis Zajac in Canucks zone.
1:26 of 2nd period - Ryan Whitney is hit by Maxim Afinogenov.
1:32 of 2nd period - Wrist shot by Lasse Kukkonen.
1:32 of 2nd period - Deflect By Nicklas Backstrom.
1:32 of 2nd period - Shot Misses the Net.
1:32 of 2nd period - Puck is out of play.
1:33 of 2nd period - David Perron wins face-off versus Clarke MacArthur in Canucks zone.
1:38 of 2nd period - Wrist shot by Joe Pavelski.
1:38 of 2nd period - Shot Misses the Net.
1:40 of 2nd period - Snap shot by Jake Gardiner.
1:40 of 2nd period - Shot Blocked by Maxim Afinogenov.
1:42 of 2nd period - Snap shot by David Perron.
1:42 of 2nd period - Goal by David Perron - Blues : 2 - Canucks : 1.
1:43 of 2nd period - Travis Zajac wins face-off versus Vince Rocco in neutral zone.
1:43 of 2nd period - Travis Zajac is hit by Martin St. Louis.
2:09 of 2nd period - Doug Janik is hit by Nicklas Backstrom and loses puck.
2:18 of 2nd period - Slapshot by Guillaume Latendresse.
2:18 of 2nd period - Shot Blocked by Nikolai Zherdev.
2:35 of 2nd period - Snap shot by Matt Stajan.
2:35 of 2nd period - Stopped by Tuukka Rask with a rebound.
2:37 of 2nd period - Slapshot by Alex Goligoski.
2:37 of 2nd period - Shot Misses the Net.
2:49 of 2nd period - Minor Penalty to Paul Kariya for Delaying the game.
2:50 of 2nd period - Nikolai Zherdev wins face-off versus Nik Antropov in Blues zone.
2:55 of 2nd period - Snap shot by Nikolai Zherdev.
2:55 of 2nd period - Stopped by Tuukka Rask without a rebound.
2:56 of 2nd period - Nikolai Zherdev wins face-off versus Nik Antropov in Blues zone.
4:01 of 2nd period - Nikolai Zherdev is hit by Drew Fata and loses puck.
4:49 of 2nd period - Penalty to Paul Kariya is over, Paul Kariya is back on ice.
4:58 of 2nd period - Snap shot by Joe Pavelski.
4:58 of 2nd period - Stopped by Jussi Rynnas without a rebound.
4:59 of 2nd period - Matt Stajan wins face-off versus Travis Zajac in Canucks zone.
4:59 of 2nd period - Matt Stajan is hit by Travis Zajac.
5:05 of 2nd period - Snap shot by Matt Stajan.
5:05 of 2nd period - Shot Blocked by Travis Zajac.
5:15 of 2nd period - Wrist shot by Joe Pavelski.
5:15 of 2nd period - Shot Blocked by Ben Lovejoy.
5:23 of 2nd period - Snap shot by David Perron.
5:23 of 2nd period - Deflect By Sami Lepisto.
5:23 of 2nd period - Stopped by Jussi Rynnas with a rebound.
5:25 of 2nd period - Wrist shot by Joe Pavelski.
5:25 of 2nd period - Shot Misses the Net.
5:37 of 2nd period - Wrist shot by Joe Pavelski.
5:37 of 2nd period - Shot Misses the Net.
5:42 of 2nd period - Minor Penalty to Matt Stajan for Tripping.
5:43 of 2nd period - Martin St. Louis wins face-off versus Nicklas Backstrom in Canucks zone.
5:43 of 2nd period - Martin St. Louis is hit by Nicklas Backstrom.
5:58 of 2nd period - Slapshot by Alex Pietrangelo.
5:58 of 2nd period - Stopped by Jussi Rynnas without a rebound.
5:59 of 2nd period - Martin St. Louis wins face-off versus Joe Pavelski in Canucks zone.
5:59 of 2nd period - Martin St. Louis is hit by Joe Pavelski.
6:13 of 2nd period - Wrist shot by Travis Zajac.
6:13 of 2nd period - Shot Misses the Net.
6:25 of 2nd period - Ryan Whitney is hit by Alex Goligoski and loses puck.
6:32 of 2nd period - Slapshot by Jake Gardiner.
6:32 of 2nd period - Shot Misses the Net.
6:44 of 2nd period - Snap shot by Maxim Afinogenov.
6:44 of 2nd period - Deflect By Clarke MacArthur.
6:44 of 2nd period - Deflect By David Perron.
6:44 of 2nd period - Stopped by Tuukka Rask without a rebound.
6:45 of 2nd period - Clarke MacArthur wins face-off versus Travis Zajac in Blues zone.
6:46 of 2nd period - Wrist shot by Maxim Afinogenov.
6:46 of 2nd period - Deflect By Clarke MacArthur.
6:46 of 2nd period - Shot Misses the Net.
6:46 of 2nd period - Puck is out of play.
6:47 of 2nd period - Clarke MacArthur wins face-off versus Travis Zajac in Blues zone.
7:14 of 2nd period - Wrist shot by David Perron.
7:14 of 2nd period - Goal by David Perron - Blues : 3 - Canucks : 1.
7:15 of 2nd period - Vince Rocco wins face-off versus Travis Zajac in neutral zone.
7:45 of 2nd period - Wrist shot by Nik Antropov.
7:45 of 2nd period - Deflect By Paul Kariya.
7:45 of 2nd period - Stopped by Jussi Rynnas without a rebound.
7:46 of 2nd period - Nikolai Zherdev wins face-off versus Nik Antropov in Canucks zone.
7:53 of 2nd period - Wrist shot by Maxim Afinogenov.
7:53 of 2nd period - Goal by Maxim Afinogenov - Blues : 3 - Canucks : 2.
7:54 of 2nd period - Vince Rocco wins face-off versus Travis Zajac in neutral zone.
7:56 of 2nd period - Off-side.
7:57 of 2nd period - Travis Zajac wins face-off versus Vince Rocco in neutral zone.
9:34 of 2nd period - Wrist shot by Martin St. Louis.
9:34 of 2nd period - Stopped by Tuukka Rask with a rebound.
9:36 of 2nd period - Snap shot by Clarke MacArthur.
9:36 of 2nd period - Stopped by Tuukka Rask with a rebound.
9:42 of 2nd period - Snap shot by Martin St. Louis.
9:42 of 2nd period - Shot Misses the Net.
10:02 of 2nd period - Snap shot by Guillaume Latendresse.
10:02 of 2nd period - Shot Misses the Net.
10:13 of 2nd period - Sami Lepisto is hit by Tyler Arnason and loses puck.
11:24 of 2nd period - Snap shot by Darren Reid.
11:24 of 2nd period - Shot Misses the Net.
11:34 of 2nd period - Snap shot by Nik Antropov.
11:34 of 2nd period - Stopped by Jussi Rynnas without a rebound.
11:35 of 2nd period - Nik Antropov wins face-off versus Vince Rocco in Canucks zone.
11:58 of 2nd period - Icing by Ryan Whitney.
11:59 of 2nd period - Nikolai Zherdev wins face-off versus David Perron in Blues zone.
12:08 of 2nd period - Snap shot by Maxim Afinogenov.
12:08 of 2nd period - Shot Blocked by Jake Gardiner.
12:18 of 2nd period - Clarke MacArthur is hit by Jake Gardiner and loses puck.
12:39 of 2nd period - Drew Fata is hit by Ryane Clowe and loses puck.
13:03 of 2nd period - Nikolai Zherdev is hit by Taylor Pyatt and loses puck.
13:22 of 2nd period - Wrist shot by Joe Pavelski.
13:22 of 2nd period - Goal by Joe Pavelski - Blues : 4 - Canucks : 2.
13:23 of 2nd period - Travis Zajac wins face-off versus Vince Rocco in neutral zone.
13:23 of 2nd period - David Perron is hit by Martin St. Louis and loses puck.
13:30 of 2nd period - Wrist shot by Clarke MacArthur.
13:30 of 2nd period - Stopped by Tuukka Rask with a rebound.
13:32 of 2nd period - Slapshot by Sami Lepisto.
13:32 of 2nd period - Deflect By Clarke MacArthur.
13:32 of 2nd period - Shot Blocked by Alex Pietrangelo.
13:32 of 2nd period - Puck is out of play.
13:33 of 2nd period - Vince Rocco wins face-off versus Travis Zajac in Blues zone.
13:40 of 2nd period - Slapshot by Clarke MacArthur.
13:40 of 2nd period - Stopped by Tuukka Rask without a rebound.
13:41 of 2nd period - Martin St. Louis wins face-off versus Travis Zajac in Blues zone.
13:48 of 2nd period - Wrist shot by Martin St. Louis.
13:48 of 2nd period - Stopped by Tuukka Rask without a rebound.
13:49 of 2nd period - Travis Zajac wins face-off versus Clarke MacArthur in Blues zone.
13:49 of 2nd period - Travis Zajac is hit by Vince Rocco.
14:05 of 2nd period - Wrist shot by Clarke MacArthur.
14:05 of 2nd period - Stopped by Tuukka Rask with a rebound.
14:07 of 2nd period - Backhand shot by Alex Goligoski.
14:07 of 2nd period - Shot Blocked by Travis Zajac.
14:11 of 2nd period - Snap shot by Clarke MacArthur.
14:11 of 2nd period - Deflect By David Perron.
14:11 of 2nd period - Shot Misses the Net.
14:11 of 2nd period - Puck is out of play.
14:12 of 2nd period - Nikolai Zherdev wins face-off versus Nicklas Backstrom in Blues zone.
14:17 of 2nd period - Snap shot by Nikolai Zherdev.
14:17 of 2nd period - Stopped by Tuukka Rask without a rebound.
14:18 of 2nd period - Nikolai Zherdev wins face-off versus Nicklas Backstrom in Blues zone.
14:28 of 2nd period - Minor Penalty to Nicklas Backstrom for Interference.
14:29 of 2nd period - Nik Antropov wins face-off versus Nikolai Zherdev in Blues zone.
14:37 of 2nd period - Snap shot by Brendon Nash.
14:37 of 2nd period - Goal by Brendon Nash - Blues : 4 - Canucks : 3.
14:38 of 2nd period - Vince Rocco wins face-off versus Travis Zajac in neutral zone.
15:04 of 2nd period - Alex Goligoski is hit by Darren Reid and loses puck.
16:32 of 2nd period - Snap shot by Taylor Pyatt.
16:32 of 2nd period - Shot Misses the Net.
16:38 of 2nd period - Snap shot by Taylor Pyatt.
16:38 of 2nd period - Goal by Taylor Pyatt - Blues : 5 - Canucks : 3.
16:38 of 2nd period - Carey Price enters game.
16:39 of 2nd period - Travis Zajac wins face-off versus Vince Rocco in neutral zone.
16:48 of 2nd period - Wrist shot by David Perron.
16:48 of 2nd period - Shot Misses the Net.
17:04 of 2nd period - Maxim Afinogenov is hit by Alex Pietrangelo.
17:08 of 2nd period - Darren Reid is hit by Nikolai Zherdev and loses puck.
17:30 of 2nd period - Nik Antropov is hit by Patrick Eaves and loses puck.
17:42 of 2nd period - Icing by Bryce Lampman.
17:43 of 2nd period - Vince Rocco wins face-off versus Travis Zajac in Blues zone.
18:08 of 2nd period - Nicklas Backstrom is hit by Maxim Afinogenov and loses puck.
18:28 of 2nd period - Minor Penalty to Paul Kariya for Tripping.
18:29 of 2nd period - Nikolai Zherdev wins face-off versus Nik Antropov in Blues zone.
19:08 of 2nd period - Slapshot by Drew Fata.
19:08 of 2nd period - Deflect By Ben Lovejoy.
19:08 of 2nd period - Stopped by Carey Price with a rebound.
19:18 of 2nd period - Minor Penalty to Ben Lovejoy for Hooking.
19:19 of 2nd period - David Perron wins face-off versus Martin St. Louis in Canucks zone.
19:28 of 2nd period - Slapshot by Alex Pietrangelo.
19:28 of 2nd period - Stopped by Carey Price without a rebound.
19:29 of 2nd period - David Perron wins face-off versus Martin St. Louis in Canucks zone.
19:42 of 2nd period - Snap shot by Alex Goligoski.
19:42 of 2nd period - Stopped by Tuukka Rask without a rebound.
19:43 of 2nd period - Martin St. Louis wins face-off versus Travis Zajac in Blues zone.
19:57 of 2nd period - Snap shot by Matt Stajan.
19:57 of 2nd period - Shot Blocked by David Perron.
19:59 of 2nd period - Snap shot by Alex Goligoski.
19:59 of 2nd period - Deflect By Martin St. Louis.
19:59 of 2nd period - Shot Misses the Net.
19:59 of 2nd period - Puck is out of play.
Goals for this period are 4 for Blues vs 2 for Canucks.
Shots for this period are 11 for Blues vs 13 for Canucks.
3rd period
0:01 of 3rd period - Martin St. Louis wins face-off versus Travis Zajac in neutral zone.
0:28 of 3rd period - Penalty to Paul Kariya is over, Paul Kariya is back on ice.
1:18 of 3rd period - Penalty to Ben Lovejoy is over, Ben Lovejoy is back on ice.
1:30 of 3rd period - Snap shot by Maxim Afinogenov.
1:30 of 3rd period - Shot Misses the Net.
1:32 of 3rd period - Slapshot by Nikolai Zherdev.
1:32 of 3rd period - Stopped by Tuukka Rask with a rebound.
1:34 of 3rd period - Wrist shot by Nikolai Zherdev.
1:34 of 3rd period - Shot Misses the Net.
1:36 of 3rd period - Snap shot by Nikolai Zherdev.
1:36 of 3rd period - Shot Blocked by Drew Fata.
2:01 of 3rd period - Clarke MacArthur is hit by Darren Reid and loses puck.
2:21 of 3rd period - Minor Penalty to Ryane Clowe for Tripping.
2:22 of 3rd period - Travis Zajac wins face-off versus Martin St. Louis in Canucks zone.
2:36 of 3rd period - Backhand shot by David Perron.
2:36 of 3rd period - Stopped by Carey Price without a rebound.
2:37 of 3rd period - Travis Zajac wins face-off versus Martin St. Louis in Canucks zone.
4:21 of 3rd period - Penalty to Ryane Clowe is over, Ryane Clowe is back on ice.
4:49 of 3rd period - Minor Penalty to Brendon Nash for Roughing.
4:50 of 3rd period - Joe Pavelski wins face-off versus Martin St. Louis in Canucks zone.
4:50 of 3rd period - Wrist shot by Alex Pietrangelo.
4:50 of 3rd period - Deflect By Travis Zajac.
4:50 of 3rd period - Shot Blocked by Doug Janik.
4:50 of 3rd period - Puck is out of play.
4:51 of 3rd period - Martin St. Louis wins face-off versus Travis Zajac in Canucks zone.
5:06 of 3rd period - Wrist shot by Joe Pavelski.
5:06 of 3rd period - Shot Misses the Net.
5:34 of 3rd period - Maxim Afinogenov is hit by David Perron and loses puck.
5:51 of 3rd period - Martin St. Louis is hit by David Perron and loses puck.
6:48 of 3rd period - Icing by Paul Kariya.
6:49 of 3rd period - Penalty to Brendon Nash is over, Brendon Nash is back on ice.
6:49 of 3rd period - Nikolai Zherdev wins face-off versus Nik Antropov in Blues zone.
6:52 of 3rd period - Wrist shot by Milan Michalek.
6:52 of 3rd period - Shot Misses the Net.
6:54 of 3rd period - Slapshot by Sami Lepisto.
6:54 of 3rd period - Stopped by Tuukka Rask without a rebound.
6:55 of 3rd period - Nikolai Zherdev wins face-off versus Nik Antropov in Blues zone.
7:33 of 3rd period - Snap shot by Maxim Afinogenov.
7:33 of 3rd period - Shot Misses the Net.
7:35 of 3rd period - Wrist shot by Milan Michalek.
7:35 of 3rd period - Stopped by Tuukka Rask with a rebound.
7:37 of 3rd period - Slapshot by Milan Michalek.
7:37 of 3rd period - Stopped by Tuukka Rask with a rebound.
7:39 of 3rd period - Backhand shot by Ben Lovejoy.
7:39 of 3rd period - Stopped by Tuukka Rask without a rebound.
7:40 of 3rd period - Travis Zajac wins face-off versus Vince Rocco in Blues zone.
8:30 of 3rd period - Snap shot by Alex Tanguay.
8:30 of 3rd period - Shot Misses the Net.
9:08 of 3rd period - Wrist shot by Clarke MacArthur.
9:08 of 3rd period - Shot Blocked by Ryan Whitney.
9:17 of 3rd period - Minor Penalty to Nikolai Zherdev for Roughing.
9:18 of 3rd period - Martin St. Louis wins face-off versus David Perron in Canucks zone.
11:17 of 3rd period - Penalty to Nikolai Zherdev is over, Nikolai Zherdev is back on ice.
11:17 of 3rd period - Clarke MacArthur is hit by Ryan Whitney and loses puck.
11:32 of 3rd period - Slapshot by Brendon Nash.
11:32 of 3rd period - Goal by Brendon Nash - Blues : 5 - Canucks : 4.
11:33 of 3rd period - Nicklas Backstrom wins face-off versus Vince Rocco in neutral zone.
11:42 of 3rd period - Snap shot by Clarke MacArthur.
11:42 of 3rd period - Goal by Clarke MacArthur - Blues : 5 - Canucks : 5.
11:43 of 3rd period - Vince Rocco wins face-off versus Travis Zajac in neutral zone.
11:48 of 3rd period - Bryce Lampman is hit by Doug Janik and loses puck.
11:57 of 3rd period - Snap shot by Joe Pavelski.
11:57 of 3rd period - Shot Blocked by Alex Goligoski.
11:59 of 3rd period - Snap shot by Bryce Lampman.
11:59 of 3rd period - Stopped by Carey Price with a rebound.
12:05 of 3rd period - Minor Penalty to Martin St. Louis for Roughing.
12:06 of 3rd period - Maxim Lapierre wins face-off versus Travis Zajac in Canucks zone.
12:06 of 3rd period - Maxim Lapierre is hit by Alex Pietrangelo.
12:17 of 3rd period - Minor Penalty to Alex Pietrangelo for High sticking.
12:18 of 3rd period - Travis Zajac wins face-off versus Alex Tanguay in Blues zone.
13:04 of 3rd period - Wrist shot by Maxim Lapierre.
13:04 of 3rd period - Shot Misses the Net.
13:06 of 3rd period - Snap shot by Sami Lepisto.
13:06 of 3rd period - Shot Misses the Net.
14:05 of 3rd period - Penalty to Martin St. Louis is over, Martin St. Louis is back on ice.
14:17 of 3rd period - Penalty to Alex Pietrangelo is over, Alex Pietrangelo is back on ice.
14:35 of 3rd period - Guillaume Latendresse is hit by Ben Lovejoy.
15:03 of 3rd period - Nikolai Zherdev is hit by Taylor Pyatt and loses puck.
16:16 of 3rd period - Martin St. Louis is hit by Taylor Pyatt and loses puck.
16:30 of 3rd period - Icing by Tyler Arnason.
16:31 of 3rd period - Nikolai Zherdev wins face-off versus Nik Antropov in Blues zone.
16:52 of 3rd period - Ben Lovejoy is hit by Darren Reid.
17:06 of 3rd period - Matt Stajan is hit by Travis Zajac and loses puck.
17:32 of 3rd period - Ryan Whitney is hit by Patrick Eaves and loses puck.
17:52 of 3rd period - Ryan Parent is hit by Tyler Arnason and loses puck.
17:59 of 3rd period - Alex Tanguay is hit by Lee Stempniak and loses puck.
Goals for this period are 0 for Blues vs 2 for Canucks.
Shots for this period are 2 for Blues vs 7 for Canucks.
Overtime #1
0:01 of 1st overtime period - Travis Zajac wins face-off versus Vince Rocco in neutral zone.
0:26 of 1st overtime period - Alex Pietrangelo is hit by Maxim Afinogenov and loses puck.
0:37 of 1st overtime period - Snap shot by Nikolai Zherdev.
0:37 of 1st overtime period - Shot Blocked by Ryan Whitney.
0:37 of 1st overtime period - Ryan Whitney from Blues is injured at 0:37 of 1st overtime period (Right Leg).
0:38 of 1st overtime period - Vince Rocco wins face-off versus Travis Zajac in Blues zone.
1:03 of 1st overtime period - Darren Reid is hit by Nikolai Zherdev and loses puck.
1:12 of 1st overtime period - Snap shot by Maxim Lapierre.
1:12 of 1st overtime period - Deflect By Nikolai Zherdev.
1:12 of 1st overtime period - Stopped by Tuukka Rask with a rebound.
1:14 of 1st overtime period - Wrist shot by Nikolai Zherdev.
1:14 of 1st overtime period - Shot Misses the Net.
1:34 of 1st overtime period - Snap shot by Nik Antropov.
1:34 of 1st overtime period - Deflect By Paul Kariya.
1:34 of 1st overtime period - Shot Misses the Net.
1:34 of 1st overtime period - Puck is out of play.
1:35 of 1st overtime period - Travis Zajac wins face-off versus Vince Rocco in Canucks zone.
1:40 of 1st overtime period - Wrist shot by Joe Pavelski.
1:40 of 1st overtime period - Deflect By David Perron.
1:40 of 1st overtime period - Goal by David Perron - Blues : 6 - Canucks : 5.
Goals for this period are 1 for Blues vs 0 for Canucks.
Shots for this period are 1 for Blues vs 1 for Canucks.
Back to the Top